 Dungeon Crawl Stone Soup version 0.28.0 (webtiles) character file.

Game seed: 13096709987780409209

254 fiver49 the Firebug (level 5, -2/57 HPs)
             Began as a Draconian Fire Elementalist on Feb 16, 2022.
             Slain by an adder (3 damage)
             ... on level 4 of the Dungeon.
             The game lasted 00:06:48 (4997 turns).

fiver49 the Firebug (Draconian Fire Elementalist)   Turns: 4997, Time: 00:06:50

Health: -2/57      AC:  5    Str: 10    XL:     5   Next: 91%
Magic:  10/10      EV: 12    Int: 17    God:
Gold:   186        SH:  0    Dex: 12    Spells: 8/11 levels left

rFire   . . .      SeeInvis .   a - +1 dagger (venom)
rCold   . . .      Faith    .   (no shield)
rNeg    . . .      Spirit   .   (armour unavailable)
rPois   .          Reflect  .   (helmet restricted)
rElec   .          Harm     .   (no cloak)
rCorr   .          Rampage  .   (no gloves)
Will    .....                   (no boots)
Stlth   ..........              (no amulet)
HPRegen 0.19/turn               (no ring)
MPRegen 0.12/turn               (no ring)

@: berserking, lethally poisoned (-2 -> -3), studying Maces & Flails, very quick
A: AC +5, unfitting armour, cold-blooded
a: no special abilities


You were on level 4 of the Dungeon.
You visited 1 branch of the dungeon, and saw 5 of its levels.

You collected 186 gold pieces.

Inventory:

Hand Weapons
 a - a +1 dagger of venom (weapon)
   (You took it off a goblin on level 1 of the Dungeon)
 d - the +8 whip "Ina Igg" {antimagic, Dex+2}
   (You found it on level 2 of the Dungeon)

   It reduces the magical energy of the wielder, and disrupts the spells and
   magical abilities of those it strikes.
   Natural abilities and divine invocations are not affected.
   Dex:       It affects your dexterity (+2).
Missiles
 f - 13 poisoned darts (quivered)
 h - 5 javelins
Scrolls
 b - a scroll of amnesia {unknown}
 c - 2 scrolls of teleportation {unknown}
 g - 4 scrolls of identify {unknown}
 i - a scroll of brand weapon {unknown}
 l - a scroll of magic mapping {unknown}
Potions
 e - a potion of heal wounds {unknown}
 k - a potion of magic


   Skills:
 - Level 1.7 Dodging
 - Level 1.7 Stealth
 * Level 3.9 Spellcasting
 * Level 3.8 Conjurations
 + Level 3.9 Fire Magic


You had 8 spell levels left.
You knew the following spells:

 Your Spells              Type           Power      Damage    Failure   Level
a - Foxfire               Conj/Fire      64%        2x1d7     3%          1
b - Scorch                Fire           32%        2d7       4%          2

Your spell library contained the following spells:

 Spells                   Type           Power      Damage    Failure   Level
 Conjure Flame            Conj/Fire      16%        6-21      10%         3
 Inner Flame              Hex/Fire       10%        N/A       22%         3
 Ignite Poison            Fire/Tmut/Pois 7%         N/A       28%         3
 Mephitic Cloud           Conj/Pois/Air  7%         N/A       28%         3
 Flame Wave               Conj/Fire      16%        2d6       32%         4
 Freezing Cloud           Conj/Ice/Air   3%         6-21      95%         5


Dungeon Overview and Level Annotations

Branches:
Dungeon (5/15)
 Temple: D:4-7

Altars:
Hepliaklqana
Xom

Shops:
D:1 [

Annotations:
D:4 Sigmund


Innate Abilities, Weirdness & Mutations

Your plain brown scales are hard. (AC +5)
You cannot fit into any form of body armour.
You are cold-blooded and may be slowed by cold attacks.


Message History

A goblin comes into view. It is wielding a +0 club.
Casting: Scorch (safe; 4% risk of failure)
Confirm with . or Enter, or press ? or * to list all spells.
Flames lash the goblin.
The goblin is severely wounded.
The goblin's fire resistance burns away.
Casting: Scorch (safe; 4% risk of failure)
Confirm with . or Enter, or press ? or * to list all spells.
Flames lash the goblin.
The goblin is burned terribly!
You kill the goblin!
Things that are here:
a +0 club; a goblin corpse
Found 27 stones.
Things that are here:
a +0 club; a goblin corpse You see here 27 stones.
g - 4 scrolls labelled REHIWK LAMAAL (gained 1)
You see here 27 stones.
Partly explored, can't reach some places.
Partly explored, can't reach some places.
There is an open door here.
There is a stone staircase leading down here.
There is an open door here.
There is an open door here.
You see here 19 stones.
There is a stone staircase leading down here.
You climb downwards.
The orc priest shouts!
The adder hisses angrily.
Found 20 arrows.
Found a stone staircase leading up.
There is a stone staircase leading up here.
Casting: Scorch (safe; 4% risk of failure)
Confirm with . or Enter, or press ? or * to list all spells.
You conjure some foxfire!
The orc shouts! x2; You hear a shout!
A necrophage comes into view.
An orc comes into view. It is wielding a +0 whip.
Casting: Foxfire (safe; 3% risk of failure)
Confirm with . or Enter, or press ? or * to list all spells.
You conjure some foxfire!
The foxfire hits the orc priest.
The orc priest is lightly wounded.
A centaur comes into view.
The foxfire hits the orc priest.
The orc priest is lightly wounded.
Casting: Foxfire (safe; 3% risk of failure)
Confirm with . or Enter, or press ? or * to list all spells.
Flames lash the orc priest.
The orc priest is heavily wounded.
The orc priest's fire resistance burns away.
The foxfire hits the orc priest.
The orc priest is heavily wounded.
The orc priest hits you with a +0 club.
You climb upwards.
Your mindless puppet stays behind to rot.
Level annotation: Sigmund
There is a stone staircase leading down here.
Unknown command.
Casting: Scorch (safe; 4% risk of failure)
Confirm with . or Enter, or press ? or * to list all spells.
Flames lash the orc priest.
The orc priest is burned terribly!
The orc priest is almost dead.
The orc priest closely misses you.
Casting: Scorch (safe; 4% risk of failure)
Confirm with . or Enter, or press ? or * to list all spells.
You conjure some foxfire!
The orc priest hits you with a +0 club.
You hit the orc priest.
You kill the orc priest!
Your foxfire dissipates!
Magic restored.
HP restored.
Partly explored, can't reach some places.
You climb downwards.
The adder bites you.
You are poisoned.
The adder poisons you!
The centaur wields a +0 shortbow.
The centaur shoots an arrow.
The arrow hits you. The orc barely misses you.
The ogre hits you with a +0 giant club!!
Ouch! That really hurt!
* * * LOW HITPOINT WARNING * * *
The adder barely misses you.
There is a stone staircase leading up, spattered with blood here.
* * * LOW HITPOINT WARNING * * *
You feel sick. The adder closely misses you. The orc completely misses you.
The orc hits you with a +3 whip.
* * * LOW HITPOINT WARNING * * *
The ogre barely misses you.
You climb upwards.
Level annotation: Sigmund
* * * LOW HITPOINT WARNING * * *
You feel sick.
There is a stone staircase leading down here.
Okay, then.
It was a potion of magic.
Magic courses through your body.
* * * LOW HITPOINT WARNING * * *
You feel sick. The adder closely misses you. The orc barely misses you.
It was a potion of berserk rage.
A red film seems to cover your vision as you go berserk!
You feel yourself moving faster!
You feel mighty!
* * * LOW HITPOINT WARNING * * *
You feel sick. The adder barely misses you. The orc barely misses you.
The adder bites you.
You die...

.......# #.# #†#
.......# #.# #.#
.......# #.# #.#
.......# #.# #.#
.......# #.# #.#
.......# #.# #.#
.......# #o# #.#
.......#########S#
#######.#
.............(Oo@#
#.......#
#.............####
#.#######
#.............#
#.#
#.............#
#.#
##............#
#.# #............#
#.# #............#
#.# #............#
#.# #............#
#.#


You could see an ogre, an adder and 2 orcs.

Vanquished Creatures
  An orc priest (D:4)
  An iguana (D:4)
  2 hound skeletons (D:4)
  Robin (D:4)
  7 adders
  An ufetubus (D:4)
  An adder skeleton (D:4)
  2 worms (D:3)
  5 ball pythons
  7 endoplasms
  4 giant cockroaches
  15 goblins
  14 hobgoblins
  3 quokkas
  4 bats
  A frilled lizard (D:1)
  4 kobolds
  7 rats
80 creatures vanquished.

Vanquished Creatures (others)
  56 foxfires
56 creatures vanquished.

Grand Total: 136 creatures vanquished

Notes
Turn   | Place    | Note
-------+----------+-------------------------------------------
     0 | D:1      | fiver49 the Draconian Fire Elementalist began the quest for
                  | the Orb.
     0 | D:1      | Reached XP level 1. HP: 14/14 MP: 3/3
   420 | D:1      | Reached XP level 2. HP: 19/20 MP: 3/5
   577 | D:1      | Found Voanuecsa's Antique Armour Boutique.
   807 | D:1      | Learned a level 2 spell: Scorch
  1012 | D:1      | Reached skill level 2 in Conjurations
  1301 | D:2      | Identified the +8 whip "Ina Igg" {antimagic, Dex+2}
  1350 | D:2      | Reached XP level 3. HP: 26/26 MP: 3/6
  1682 | D:2      | Reached skill level 3 in Spellcasting
  1682 | D:2      | Reached XP level 4. HP: 31/33 MP: 2/8
  1916 | D:2      | Found a faded altar of an unknown god.
  2265 | D:3      | Found a shimmering altar of Xom.
  3028 | D:3      | Reached skill level 3 in Conjurations
  3366 | D:4      | Identified the +2 long sword of Waebras {freeze, Stlth+}
  3775 | D:4      | Reached XP level 5. HP: 38/38 MP: 1/10
  3890 | D:4      | Noticed Sigmund
  4108 | D:4      | Found a hazy altar of Hepliaklqana.
  4470 | D:4      | Noticed Robin
  4478 | D:4      | Killed Robin
  4917 | D:5      | Entered Level 5 of the Dungeon
  4918 | D:5      | Noticed a necrophage
  4919 | D:5      | Noticed a centaur
  4921 | D:5      | Noticed an ogre
  4993 | D:5      | HP: 8/38 [ogre (20)]
  4994 | D:5      | HP: 3/38 [orc (3)]
  4996 | D:4      | HP: 1/38 [poisoned by an adder]
  4997 | D:4      | Slain by an adder

Illustrated notes

Levels and vault maps discovered:
D:1:      tarquinn_simple_flora_water_f, layout_loops_ring, serial_rivers,
          chequers_serial_rivers_small_3, chequers_serial_rivers_large_a,
          chequers_serial_rivers_small_3, chequers_serial_rivers_micro_c,
          serial_shops, nicolae_shop_hallway_plus
D:2:      layout_loops_cross, ebering_ecumenical_altar_hall
D:3:      layout_basic, mainiacjoe_overflow_six_doors_small,
          kennysheep_flooded_box
D:4:      layout_basic, mainiacjoe_overflow_24_doors, uniq_robin, uniq_sigmund
D:5:      layout_rooms, uniq_menkaure, uniq_grinder

Skill      XL: |  1  2  3  4 |
---------------+-------------+-----
Conjurations   | 2 3 |  3.8
Spellcasting   | 3 |  3.9
Dodging        | |  1.7
Stealth        | |  1.7
Fire Magic     | |  3.9

Action                   |  1- 3 |  4- 6 || total
-------------------------+-------+-------++-------
Melee: Unarmed           |     9 |       ||     9
       Tailslap          |     6 |     6 ||    12
       Dagger            |    25 |    39 ||    64
 Cast: Foxfire           |    15 |    19 ||    34
       Scorch            |    16 |    43 ||    59
  Use: Potion            |       |     2 ||     2
 Stab: Sleeping          |     2 |       ||     2
Armor: Skin              |    12 |    12 ||    24
Dodge: Dodged            |    26 |    36 ||    62

Table legend: (Time is in decaauts)
 A = Elapsed time spent in this place.
 B = Non-inter-level travel time spent in this place.
 C = Inter-level travel time spent in this place.
 D = Time resting spent in this place.
 E = Time spent auto-exploring this place.
 F = Levels seen in this place.
 G = Mean time per level.
                   A        B        C        D        E       F      G
               +--------+--------+--------+--------+--------+-----+--------+
         Total |   5012 |   4844 |    168 |    201 |   4074 |   5 | 1002.4 |
       Dungeon |   5012 |   4844 |    168 |    201 |   4074 |   5 | 1002.4 |
               +--------+--------+--------+--------+--------+-----+--------+

Top non-repeatable levels by time:
     D:4: 1652 daAuts
     D:1: 1305 daAuts
     D:3: 1096 daAuts
     D:2: 950 daAuts
     D:5: 7 daAuts

Table legend:
 A = Kills in this place as a percentage of kills in entire the game.
 B = Kills by you in this place as a percentage of kills by you in the entire game.
 C = Kills by friends in this place as a percentage of kills by friends in the entire game.
 D = Other kills in this place as a percentage of other kills in the entire game.
 E = Experience gained in this place as a percentage of experience gained in the entire game.
 F = Experience gained in this place divided by the number of levels of this place that you have seen.
                   A       B       C       D       E      F
               +-------+-------+-------+-------+-------+----------------------
         Total | 100.0 | 100.0 |   N/A |   N/A | 100.0 |  72.8
       Dungeon | 100.0 | 100.0 |   N/A |   N/A | 100.0 |  72.8
               +-------+-------+-------+-------+-------+----------------------
